[Event "XIII Figueira da Foz Open 2019"]
[Site "Figueira da Foz"]
[Date "2019.11.01"]
[Round "6.10"]
[White "Gavasheli, Ana"]
[Black "Correia, Mario"]
[Result "1-0"]
[ECO "A30"]
[WhiteElo "2240"]
[BlackElo "2140"]
[Annotator "NA"]
[PlyCount "97"]
[EventDate "2019.10.27"]
[EventType "swiss"]
[EventCountry "POR"]
[SourceTitle "playchess.com"]
[Source "ChessBase"]
[SourceQuality "1"]
[TimeControl "40/5400+30:1800+30"]

1. c4 c5 2. Nf3 g6 3. d4 cxd4 4. Nxd4 Nf6 5. Nc3 Nc6 6. e4 d6 7. Be2 Nxd4 8. Qxd4 Bg7 9. Qd1 O-O 10. Be3 Qa5 11. O-O Be6 12. Bd4 Rfc8 {[%emt 0:09:10] B36: Sicilian: Maroczy Bind: Gurgenidze System} 13. b3 Nd7 {[%emt 0:00:44] [#]} 14. Nd5 $146 ({Predecessor:} 14. Bxg7 Kxg7 15. Qd3 a6 16. f4 Nf6 17. f5 Bd7 18. fxg6 hxg6 19. Nd5 Nxd5 20. exd5 {½-½ (56) Hammer,J (2610)-Larsen,K (2323) Helsingor 2011}) 14... Qd8 15. Rc1 Nc5 16. Bxg7 Kxg7 17. Qd4+ Kg8 18. f4 Bxd5 19. exd5 Nd7 20. Kh1 Qb6 21. Qd2 a5 22. f5 Kg7 (22... Ne5 $16) 23. Rc3 Rh8 24. Rh3 h6 $18 (24... f6 $16 {was called for.}) 25. fxg6 f6 26. Rf4 Qb4 27. Qc1 a4 28. a3 Qb6 29. b4 Ne5 30. c5 dxc5 31. bxc5 Rac8 32. Rc3 Qa5 33. Rb4 Rc7 34. Bb5 Rhc8 35. c6 bxc6 36. dxc6 Qa7 37. Rh4 Rh8 38. Bxa4 Qf2 39. Rf4 Qb6 40. Rb4 Qf2 41. Rc2 Qa7 42. Bb5 Rd8 43. Rh4 Rh8 44. a4 h5 45. h3 Nxg6 46. Re4 Ne5 47. Rxe5 fxe5 48. Qg5+ Kf8 49. Qxe5 1-0

[Event "XIII Figueira da Foz Open 2019"]
[Site "Figueira da Foz"]
[Date "2019.11.01"]
[Round "6.11"]
[White "Lisowski, Krzysztof"]
[Black "Fernandes, Miguel A. Murtinho"]
[Result "0-1"]
[ECO "B15"]
[WhiteElo "2179"]
[BlackElo "2115"]
[Annotator "NA"]
[PlyCount "94"]
[EventDate "2019.10.27"]
[EventType "swiss"]
[EventCountry "POR"]
[SourceTitle "playchess.com"]
[Source "ChessBase"]
[SourceQuality "1"]
[TimeControl "40/5400+30:1800+30"]

1. e4 c6 2. d4 d5 3. Nd2 dxe4 4. Nxe4 Nf6 5. Nxf6+ exf6 6. c3 Bd6 7. Bd3 O-O 8. Ne2 Re8 9. Qc2 h5 10. O-O h4 11. h3 Nd7 12. Be3 Nf8 13. Qd2 g5 14. c4 Bb8 15. f4 Qe7 16. Rf3 (16. Bf2 $16) 16... g4 17. hxg4 Bxg4 18. Raf1 $17 (18. Bf2 $11) 18... f5 19. d5 Bd6 20. Nd4 Bc5 21. Kh2 Qf6 22. Nxf5 Bxe3 23. Nxe3 Bxf3 24. Rxf3 Ng6 25. Ng4 Qg7 26. f5 Ne5 27. Nxe5 Qxe5+ 28. Kh3 Qf6 29. Rf4 Re5 30. Rxh4 Rae8 31. Rg4+ Kf8 32. Rg3 Qh8+ 33. Kg4 Qg7+ 34. Kh3 Re3 35. Rf3 Qh6+ 36. Kg4 f6 37. Qb4+ Kg8 38. Qd6 Qg5+ 39. Kh3 R3e7 40. g4 Rh7+ 41. Kg2 Qd2+ 42. Kg1 Qd1+ 43. Kf2 Qe1+ 44. Kg2 Qh1+ 45. Kf2 Rh2+ 46. Kg3 Rg2+ 47. Kf4 Qh6+ 0-1

[Event "XIII Figueira da Foz Open 2019"]
[Site "Figueira da Foz"]
[Date "2019.11.01"]
[Round "6.12"]
[White "Silva, Mariana Sofia T."]
[Black "Goncalves, Lucas Jordao"]
[Result "1-0"]
[ECO "A06"]
[WhiteElo "1880"]
[BlackElo "1447"]
[Annotator "NA"]
[PlyCount "101"]
[EventDate "2019.10.27"]
[EventType "swiss"]
[EventCountry "POR"]
[SourceTitle "playchess.com"]
[Source "ChessBase"]
[SourceQuality "1"]
[TimeControl "40/5400+30:1800+30"]

1. Nf3 d5 2. g3 Nf6 3. Bg2 g6 4. b3 Bg7 5. Bb2 O-O 6. c4 dxc4 7. bxc4 c6 8. O-O Be6 9. d3 Qc8 10. Nbd2 c5 11. Ng5 Bd7 12. Rb1 Nc6 13. Re1 Rb8 14. Nge4 Nxe4 15. Nxe4 $11 Bxb2 16. Rxb2 Nd4 17. Qd2 Qc7 18. Qg5 e5 19. Nf6+ Kg7 20. Nd5 Qd6 21. Reb1 b5 22. cxb5 Rxb5 23. Rxb5 Bxb5 24. Nc3 f6 25. Qd2 Bc6 26. Bxc6 Qxc6 27. Qb2 Rf7 28. Ne4 c4 29. Rc1 Rb7 30. Qd2 Rd7 31. Qe3 Qa4 32. Nc5 Qa3 33. Rxc4 Re7 34. Rxd4 Qxc5 35. Rc4 Qb6 36. Qxb6 axb6 37. Rb4 Ra7 38. a4 Ra6 39. Kf1 Kf7 40. Ke1 Ke7 41. Kd2 Kd7 42. Kc3 Kd6 43. Kb3 h6 44. Rc4 Ra8 45. Kb4 Ra5 46. Rc8 Rc5 47. Rxc5 bxc5+ 48. Kb5 f5 49. Kb6 e4 50. a5 f4 51. gxf4 1-0

[Event "XIII Figueira da Foz Open 2019"]
[Site "Figueira da Foz"]
[Date "2019.11.01"]
[Round "6.13"]
[White "Gama, Joao Goncalo Cerejei"]
[Black "Soares, Luis Francisco Almei"]
[Result "1/2-1/2"]
[ECO "B52"]
[WhiteElo "1712"]
[BlackElo "2024"]
[Annotator "NA"]
[PlyCount "102"]
[EventDate "2019.10.27"]
[EventType "swiss"]
[EventCountry "POR"]
[SourceTitle "playchess.com"]
[Source "ChessBase"]
[SourceQuality "1"]
[TimeControl "40/5400+30:1800+30"]

1. e4 c5 2. Nf3 d6 3. Bb5+ Bd7 4. Bxd7+ Nxd7 5. O-O Ngf6 6. Qe2 e6 7. Rd1 Be7 8. c3 O-O 9. d4 cxd4 10. cxd4 Rc8 11. Nc3 Nb6 12. h4 d5 13. Bg5 (13. e5 $5 Nfd7 14. g3 $11) 13... Nxe4 14. Bxe7 $2 (14. Nxe4 $15 dxe4 15. Qxe4) 14... Nxc3 ({Not} 14... Qxe7 15. Nxe4 dxe4 16. Qxe4 $15) 15. bxc3 Qxe7 16. Rdc1 $19 Rc7 17. a4 Rfc8 18. a5 Nc4 19. Qd3 Nd6 20. Nd2 Rc6 21. f3 Qc7 22. Ra3 a6 23. Nb1 Nc4 24. Rb3 Nxa5 25. Rb4 Nc4 26. Nd2 Nxd2 27. Qxd2 b5 28. Rb3 Qb6 29. Kh1 h6 30. Qb2 Rc4 31. Ra1 R8c6 32. Rba3 Qb7 33. Rb3 Qc8 34. Raa3 Qc7 35. Qd2 b4 36. Ra1 bxc3 37. Qd3 c2 38. Rc1 Rc3 39. Rxc3 Rxc3 40. Qxa6 Rb3 41. Qa2 Rd3 42. Qa4 Qc3 43. Rxc2 Qxd4 44. Qe8+ Kh7 45. Qxf7 Rd1+ 46. Kh2 Qe5+ 47. f4 Qf6 48. Qxf6 gxf6 49. Re2 Kg6 50. Rxe6 d4 51. g4 Rd3 1/2-1/2

[Event "XIII Figueira da Foz Open 2019"]
[Site "Figueira da Foz"]
[Date "2019.11.01"]
[Round "6.15"]
[White "Marcal, Armando Paulo Gomes"]
[Black "Dong, Fabio"]
[Result "0-1"]
[ECO "B12"]
[WhiteElo "1706"]
[BlackElo "1410"]
[Annotator "NA"]
[PlyCount "83"]
[EventDate "2019.10.27"]
[EventType "swiss"]
[EventCountry "POR"]
[SourceTitle "playchess.com"]
[Source "ChessBase"]
[SourceQuality "1"]
[TimeControl "40/5400+30:1800+30"]

1. e4 c6 2. d4 d5 3. e5 Bf5 4. Ne2 e6 5. Ng3 Bg6 6. h4 h6 7. h5 Bh7 8. Bd3 Bxd3 9. Qxd3 Nd7 10. Nd2 c5 11. c3 cxd4 12. cxd4 Ne7 13. a3 Nc6 14. O-O Be7 15. Nf3 O-O 16. Be3 Rc8 17. Rfc1 Qb6 18. Ne2 Na5 19. Nd2 Nc4 20. Nxc4 Rxc4 21. Rxc4 dxc4 22. Qd2 Qb5 23. Nc3 Qc6 24. Rd1 Nb6 25. Qe2 Nd5 26. Qg4 Nxe3 27. fxe3 Bg5 28. Qe2 b5 29. Rf1 a5 30. Qf2 b4 31. axb4 axb4 32. Ne2 Qe4 33. Nf4 Bxf4 34. exf4 Rd8 35. Rd1 c3 36. bxc3 bxc3 37. g3 c2 38. Rc1 Rxd4 39. Qxc2 Qe3+ 40. Kh1 Rd2 41. Qc6 Qf2 42. Qa8+ 0-1

[Event "XIII Figueira da Foz Open 2019"]
[Site "Figueira da Foz"]
[Date "2019.11.01"]
[Round "6.16"]
[White "Puglia, Francesco"]
[Black "Babo, Miguel"]
[Result "1-0"]
[ECO "B00"]
[WhiteElo "1916"]
[BlackElo "1827"]
[Annotator "NA"]
[PlyCount "119"]
[EventDate "2019.10.27"]
[EventType "swiss"]
[EventCountry "POR"]
[SourceTitle "playchess.com"]
[Source "ChessBase"]
[SourceQuality "1"]
[TimeControl "40/5400+30:1800+30"]

1. e4 Nc6 2. Nf3 f5 3. exf5 d5 4. d4 Bxf5 5. Bd3 Bxd3 6. Qxd3 e6 7. O-O Qd7 8. c3 Be7 (8... Bd6 $11) 9. Re1 O-O-O 10. b4 Bf6 $18 11. a4 Re8 12. a5 Nge7 13. b5 Nd8 14. Bf4 c6 15. bxc6 Nexc6 16. Na3 Nf7 17. Ne5 Bxe5 18. Bxe5 Nfxe5 19. dxe5 a6 20. Nc2 Qc7 21. Nd4 Nxe5 22. Qg3 Nc4 23. Qxc7+ Kxc7 24. Nxe6+ Kd7 25. Nxg7 Rxe1+ 26. Rxe1 Nxa5 27. f4 Nc4 28. f5 Rf8 29. g4 Rf7 30. Ne6 Nd6 31. Rd1 h5 32. h3 hxg4 33. hxg4 Nxf5 34. gxf5 Rxf5 35. Nd4 Rf6 36. Ne2 Kc6 37. Rb1 b5 38. Ra1 Kc5 39. Rd1 a5 40. Nd4 a4 41. Rb1 Rb6 42. Rb4 a3 43. Kf2 a2 44. Ke3 Ra6 45. Nb3+ Kc6 46. Na1 Kc5 47. Kd3 Ra8 48. Kc2 Kc6 49. Kb2 Ra4 50. Rxa4 bxa4 51. Nc2 Kc5 52. Kxa2 Kc4 53. Kb2 Kd3 54. Na3 Kd2 55. Nb5 Kd3 56. Ka3 Kc4 57. Kxa4 Kc5 58. Ka5 Kc6 59. Kb4 Kb6 60. Nd4 1-0

[Event "XIII Figueira da Foz Open 2019"]
[Site "Figueira da Foz"]
[Date "2019.11.01"]
[Round "6.17"]
[White "Dong, Rafael"]
[Black "Barros Gutierrez, Angel Luis"]
[Result "1/2-1/2"]
[ECO "A04"]
[WhiteElo "1486"]
[BlackElo "2038"]
[Annotator "NA"]
[PlyCount "77"]
[EventDate "2019.10.27"]
[EventType "swiss"]
[EventCountry "POR"]
[SourceTitle "playchess.com"]
[Source "ChessBase"]
[SourceQuality "1"]
[TimeControl "40/5400+30:1800+30"]

1. Nf3 c5 2. c4 Nc6 3. g3 e6 4. Bg2 d5 5. cxd5 exd5 6. O-O Nf6 7. d4 c4 8. Nc3 a6 {[%emt 0:01:27] D30: Queen's Gambit Declined: Systems without Nc3} (8... Be7 $11 {keeps the balance.} 9. Ne5 O-O 10. Bg5 Be6 11. Nxc6 bxc6 12. b3 cxb3 13. axb3 h6 14. Bxf6 Bxf6 15. Na4 Bg4 16. Qd3 a5 17. Rfc1 Qe7 18. e3 Qb7 19. Nc5 Qb4 20. h3 Bc8 21. Ra4 {1-0 (43) Filip,L (2438)-Osmanodja,F (2326) Skopje 2019}) 9. Bg5 Be7 $1 10. e3 Bg4 $146 ({Predecessor:} 10... h6 11. Bxf6 Bxf6 12. Nd2 Be6 13. b3 b5 14. bxc4 dxc4 15. Bxc6+ Bd7 16. Bxa8 Qxa8 {1-0 (30) Oelrichs,M (1646)-Haaker,M (1200) Pinneberg 2008}) 11. h3 Bh5 (11... Be6 $14) 12. Qd2 (12. g4 $142 Bg6 13. Ne5) 12... b5 (12... Ng8 $14) 13. Ne5 Rc8 $2 (13... Nxe5 $16 14. dxe5 Ne4 15. Qxd5 Qxd5 16. Nxd5 Nxg5) 14. Nxc6 Rxc6 15. Bxf6 Bxf6 16. Nxd5 Rd6 17. Nf4 Bg6 18. a4 O-O 19. Nxg6 fxg6 20. axb5 axb5 21. Ra5 Rb6 22. Rfa1 Qd6 23. Qc2 $18 Qb4 24. Ra8 Rfb8 25. Rxb8+ Rxb8 26. Bd5+ Kf8 27. Ra7 Be7 28. Qe4 Qd6 29. Qf3+ Qf6 30. Qxf6+ gxf6 31. Kf1 Rd8 32. Be4 Rb8 33. d5 f5 34. Bf3 Bf6 35. d6 Bxb2 36. Bd5 Rd8 37. Rf7+ Ke8 38. Re7+ Kf8 39. Rf7+ 1/2-1/2

[Event "XIII Figueira da Foz Open 2019"]
[Site "Figueira da Foz"]
[Date "2019.11.01"]
[Round "6.18"]
[White "Moes Joaquim, Carlos"]
[Black "Junior, Aguinaldo Vera Cruz"]
[Result "1-0"]
[ECO "D15"]
[WhiteElo "1400"]
[BlackElo "1558"]
[Annotator "NA"]
[PlyCount "110"]
[EventDate "2019.10.27"]
[EventType "swiss"]
[EventCountry "POR"]
[SourceTitle "playchess.com"]
[Source "ChessBase"]
[SourceQuality "1"]
[TimeControl "40/5400+30:1800+30"]

1. d4 d5 2. c4 c6 3. Nc3 Nf6 4. Nf3 Bg4 5. e3 e6 6. Be2 Bxf3 7. Bxf3 dxc4 8. Qa4 Nd5 9. Qxc4 Nxc3 10. bxc3 Qa5 11. O-O Bd6 12. e4 O-O 13. e5 Be7 14. Bd2 Nd7 15. Qd3 Rab8 16. Bd1 Qd8 17. f4 c5 18. Bc2 f5 19. Bb3 Qb6 20. Kh1 cxd4 21. cxd4 Rbd8 22. Qc4 Nb8 23. Be3 Rd5 24. Rad1 Nc6 25. Qc3 Bb4 26. Qb2 Rdd8 27. Bxe6+ Kh8 28. Bb3 Na5 29. Rd3 Qa6 30. Bc2 Be7 31. Bg1 Nc4 32. Qa1 Rc8 33. Rfd1 Ba3 34. Rb3 Nxe5 35. Qb1 Ng6 36. Bxf5 Rc7 37. Bd3 Qd6 38. f5 Nf4 39. Be4 b6 40. Bf2 Ne2 41. Bg3 Nxg3+ 42. Rxg3 Rfc8 43. Rgd3 Rc3 44. g3 Qh6 45. Qb5 Rc2 46. Bg2 Bd6 47. h3 Bxg3 48. Rxg3 Rc1 49. Rg1 Rxg1+ 50. Kxg1 Qf4 51. Qe5 Qh6 52. d5 Rf8 53. d6 Qc1+ 54. Kh2 Rg8 55. Bd5 Qb2+ {[%emt 0:01:05] Qe4} 1-0

[Event "XIII Figueira da Foz Open 2019"]
[Site "Figueira da Foz"]
[Date "2019.11.01"]
[Round "7.1"]
[White "Klekowski, Maciej"]
[Black "Clarke, Brandon G I"]
[Result "*"]
[ECO "E62"]
[WhiteElo "2481"]
[BlackElo "2445"]
[Annotator "RC"]
[PlyCount "32"]
[EventDate "2019.10.27"]
[EventType "swiss"]
[EventCountry "POR"]
[SourceTitle "playchess.com"]
[Source "ChessBase"]
[SourceQuality "1"]
[TimeControl "40/5400+30:1800+30"]

1. c4 Nf6 2. Nc3 g6 3. d4 Bg7 4. g3 O-O 5. Bg2 d6 6. Nf3 Nc6 7. O-O e5 8. d5 Nb8 9. c5 Na6 10. cxd6 cxd6 11. Nd2 Nd7 12. Nb5 Nf6 13. e4 Ne8 14. Nc4 f5 15. Be3 b6 16. f3 Nac7 *

[Event "XIII Figueira da Foz Open 2019"]
[Site "Figueira da Foz"]
[Date "2019.11.01"]
[Round "7.7"]
[White "Gomez Dieguez, David"]
[Black "Martin Duque, Jesus"]
[Result "*"]
[ECO "B47"]
[WhiteElo "2336"]
[BlackElo "2445"]
[Annotator "RC"]
[PlyCount "22"]
[EventDate "2019.10.27"]
[EventType "swiss"]
[EventCountry "POR"]
[SourceTitle "playchess.com"]
[Source "ChessBase"]
[SourceQuality "1"]
[TimeControl "40/5400+30:1800+30"]

1. e4 c5 2. Nc3 Nc6 3. Nge2 e6 4. d4 cxd4 5. Nxd4 Qc7 6. g3 a6 7. Bg2 Nge7 8. O-O Nxd4 9. Qxd4 Nc6 10. Qd1 Be7 11. f4 d6 *

[Event "XIII Figueira da Foz Open 2019"]
[Site "Figueira da Foz"]
[Date "2019.11.01"]
[Round "7.12"]
[White "Adams, Philip"]
[Black "Guerreiro, Nuno"]
[Result "0-1"]
[ECO "B00"]
[WhiteElo "1993"]
[BlackElo "2069"]
[Annotator "NA RC"]
[PlyCount "86"]
[EventDate "2019.10.27"]
[EventType "swiss"]
[EventCountry "POR"]
[SourceTitle "playchess.com"]
[Source "ChessBase"]
[SourceQuality "1"]
[TimeControl "40/5400+30:1800+30"]

1. e4 Nc6 2. Nf3 g6 3. d4 Bg7 4. d5 Nb8 5. Bc4 d6 6. h3 Nf6 7. Nc3 O-O 8. O-O c6 9. a4 Nbd7 {[%emt 0:01:21] B08: Pirc Defence: Classical System} 10. a5 $146 ({Predecessor:} 10. Re1 Qc7 11. Ba2 Nc5 12. Bf4 Qb6 13. e5 Qxb2 14. Qd2 Nfe4 15. Nxe4 Nxe4 16. Qe3 dxe5 17. Bxe5 Bxe5 18. Nxe5 Qxe5 19. Qxe4 Qxe4 20. Rxe4 {0-1 (50) Huschenbeth,N (2596)-Moussard,J (2567) Bastia 2017}) 10... b5 11. axb6 Nxb6 12. Bb3 c5 13. Re1 Nfd7 14. Bf4 Bxc3 15. bxc3 f6 16. Bh6 Re8 17. Ba4 Nxa4 18. Rxa4 Nb6 19. Ra2 a5 20. Qd2 a4 21. Qf4 e5 22. Qg3 Kh8 23. h4 Qd7 24. Nh2 f5 25. f4 fxe4 26. fxe5 dxe5 27. Rd1 (27. c4 $5) 27... Nc4 28. d6 $2 (28. Rda1 $11) 28... Nxd6 29. Qg5 Qd8 30. Qg3 Qe7 31. Bg5 Nf5 32. Qe1 Qf7 33. Raa1 h6 34. Bc1 Kh7 35. g4 (35. Ng4 $17) 35... Bb7 36. gxf5 gxf5 37. Rd6 Rg8+ 38. Kf2 f4 39. Qd1 e3+ 40. Kf1 Bc8 (40... Qf5 $142 41. Ng4 Rxg4) 41. Qf3 Qc4+ {[%emt 0:11:05] Double Attack} 42. Rd3 e4 43. Qxf4 Bh3+ 0-1

[Event "XIII Figueira da Foz Open 2019"]
[Site "Figueira da Foz"]
[Date "2019.11.01"]
[Round "7.13"]
[White "Dong, Fabio"]
[Black "Tadevosyan, Aspet"]
[Result "*"]
[ECO "D31"]
[WhiteElo "1410"]
[BlackElo "1998"]
[Annotator "NA RC"]
[PlyCount "32"]
[EventDate "2019.10.27"]
[EventType "swiss"]
[EventCountry "POR"]
[SourceTitle "playchess.com"]
[Source "ChessBase"]
[SourceQuality "1"]
[TimeControl "40/5400+30:1800+30"]

1. c4 e6 2. Nc3 d5 3. d4 Be7 4. cxd5 exd5 5. Qc2 Bf6 6. e3 Ne7 7. Nf3 Nbc6 8. a3 Bf5 9. Bd3 g6 10. O-O O-O 11. Bd2 Bxd3 12. Qxd3 Bg7 13. Rfe1 a6 14. Rac1 Na5 15. Qc2 Nc4 16. Na2 Rc8 *

[Event "XIII Figueira da Foz Open 2019"]
[Site "Figueira da Foz"]
[Date "2019.11.01"]
[Round "7.13"]
[White "Dong, Fabio"]
[Black "Tadevosyan, Aspet"]
[Result "0-1"]
[ECO "D31"]
[WhiteElo "1410"]
[BlackElo "1998"]
[Annotator "NA RC"]
[PlyCount "82"]
[EventDate "2019.10.27"]
[EventType "swiss"]
[EventCountry "POR"]
[SourceTitle "playchess.com"]
[Source "ChessBase"]
[SourceQuality "1"]
[TimeControl "40/5400+30:1800+30"]

1. c4 e6 2. Nc3 d5 3. d4 Be7 4. cxd5 exd5 5. Qc2 Bf6 6. e3 Ne7 7. Nf3 Nbc6 8. a3 Bf5 9. Bd3 g6 10. O-O O-O 11. h3 Re8 12. Bd2 Bxd3 13. Qxd3 Bg7 14. Rfe1 a6 15. Rac1 Na5 16. Qc2 Nc4 17. Na2 Rc8 18. Bb4 $15 Nc6 19. Nd2 a5 20. Nxc4 axb4 21. Nd2 bxa3 22. bxa3 Qd6 23. Qb3 b6 24. Nb4 Ne7 25. Rc2 c5 26. dxc5 bxc5 27. Na2 Rb8 28. Qd3 Red8 29. e4 c4 30. Qe2 c3 31. Nf3 d4 32. Qd3 Qxa3 33. Rd1 Nc6 34. Qc4 Rbc8 35. Qd3 Qb3 36. Nc1 Qe6 37. Ne2 Nb4 38. Nexd4 Nxd3 39. Nxe6 fxe6 40. Ng5 Nb4 41. Rxd8+ Rxd8 0-1

[Event "XIII Figueira da Foz Open 2019"]
[Site "Figueira da Foz"]
[Date "2019.11.01"]
[Round "7.16"]
[White "Soares, Luis Francisco Almei"]
[Black "Puglia, Francesco"]
[Result "0-1"]
[ECO "B02"]
[WhiteElo "2024"]
[BlackElo "1916"]
[Annotator "NA RC"]
[PlyCount "84"]
[EventDate "2019.10.27"]
[EventType "swiss"]
[EventCountry "POR"]
[SourceTitle "playchess.com"]
[Source "ChessBase"]
[SourceQuality "1"]
[TimeControl "40/5400+30:1800+30"]

1. e4 Nf6 2. e5 Ng8 3. d4 d5 4. Nf3 c5 5. c3 Nc6 6. Bb5 Bg4 7. Bxc6+ bxc6 8. dxc5 Qc7 9. Bf4 a5 10. O-O e6 11. b4 axb4 12. cxb4 g5 13. Bg3 h5 14. h3 Bxf3 15. Qxf3 g4 16. hxg4 hxg4 17. Qxg4 Nh6 18. Qe2 Nf5 19. Nd2 f6 20. exf6 Qh7 21. Qxe6+ Kd8 22. f3 Bh6 23. f4 Nxg3 24. Qd6+ Qd7 25. Qxd7+ Kxd7 26. Rf3 Nh5 27. g3 Nxf6 28. Rd3 Bg7 29. Nc4 Ke6 30. Nb6 (30. Nd6 $17) 30... Rad8 ({Black should try} 30... Ne4 $19 31. Nxa8 Bxa1) 31. a4 (31. Re1+ $15 Ne4 32. Kg2) 31... Ne4 32. Ra2 $2 (32. Re1 {was the only chance.}) 32... Kf5 33. a5 {[%emt 0:01:55] [#]} Bc3 $15 (33... Nc3 $1 $19 34. Rc2 Ke4) 34. Ra4 Rh7 35. Kg2 Rdh8 36. a6 Kg4 37. Rd1 Rh2+ 38. Kf1 Rf2+ 39. Kg1 Rhh2 40. Rd3 Rhg2+ 41. Kh1 Nxg3+ 42. Rxg3+ Kxg3 0-1

[Event "XIII Figueira da Foz Open 2019"]
[Site "Figueira da Foz"]
[Date "2019.11.01"]
[Round "7.17"]
[White "Barrento, Jorge Maria Lopes"]
[Black "Gama, Joao Goncalo Cerejei"]
[Result "0-1"]
[ECO "A45"]
[WhiteElo "1739"]
[BlackElo "1712"]
[Annotator "NA RC"]
[PlyCount "45"]
[EventDate "2019.10.27"]
[EventType "swiss"]
[EventCountry "POR"]
[SourceTitle "playchess.com"]
[Source "ChessBase"]
[SourceQuality "1"]
[TimeControl "40/5400+30:1800+30"]

1. d4 Nf6 2. Nc3 d5 3. Bf4 Bf5 4. e3 e6 5. Nb5 Na6 6. a4 c6 7. Na3 Qb6 8. Bd3 Qxb2 9. e4 Bb4+ 10. Kf1 Bxe4 11. Bxe4 Nxe4 12. Qc1 Qxd4 13. Be3 Qf6 14. Nf3 Bc5 15. Rb1 Bxe3 16. Qxe3 Nac5 17. Nd2 Nxd2+ 18. Qxd2 O-O 19. Qb4 Qe7 20. h4 a5 21. Qg4 Ne4 22. Ra1 Qf6 23. Nb1 0-1

[Event "XIII Figueira da Foz Open 2019"]
[Site "Figueira da Foz"]
[Date "2019.11.01"]
[Round "7.18"]
[White "Goncalves, Lucas Jordao"]
[Black "Correia, Pedro Mourao Soares"]
[Result "1/2-1/2"]
[ECO "B01"]
[WhiteElo "1447"]
[BlackElo "1529"]
[Annotator "NA RC"]
[PlyCount "89"]
[EventDate "2019.10.27"]
[EventType "swiss"]
[EventCountry "POR"]
[SourceTitle "playchess.com"]
[Source "ChessBase"]
[SourceQuality "1"]
[TimeControl "40/5400+30:1800+30"]

1. e4 d5 2. exd5 Nf6 3. Nf3 Nxd5 4. d4 Bf5 5. c4 Nb4 6. Qa4+ N8c6 7. Na3 e6 8. Be3 Be7 9. Be2 O-O 10. O-O a5 11. Rfd1 Bf6 12. d5 exd5 13. cxd5 Nxd5 14. Bd4 Nxd4 15. Nxd4 Be6 16. Nxe6 fxe6 17. Qc2 Qe7 18. Nb5 Qf7 19. Bf3 c6 20. Nd6 Qd7 21. Nc4 Qc7 22. Re1 Nb4 23. Qe2 Rae8 24. a3 Nd5 25. Ne5 Bxe5 26. Qxe5 Qxe5 27. Rxe5 Rf6 28. Rae1 Kf7 29. Bxd5 cxd5 30. R5e3 Rc8 31. Rb3 Rc7 32. Rb5 Rf4 33. Rxa5 Rc2 34. Rb5 Rfxf2 35. Rxb7+ Ke8 36. Rxe6+ Kf8 37. Ra6 Rxg2+ 38. Kf1 Rgf2+ 39. Kg1 Rg2+ 40. Kf1 Rcf2+ 41. Ke1 Re2+ 42. Kf1 Rgf2+ 43. Kg1 Rg2+ 44. Kf1 Rc2 45. Ra8+ {Rce2 Ra6} 1/2-1/2

[Event "XIII Figueira da Foz Open 2019"]
[Site "Figueira da Foz"]
[Date "2019.11.01"]
[Round "7.19"]
[White "Babo, Miguel"]
[Black "Dong, Rafael"]
[Result "1/2-1/2"]
[ECO "D04"]
[WhiteElo "1827"]
[BlackElo "1486"]
[Annotator "NA"]
[PlyCount "128"]
[EventDate "2019.10.27"]
[EventType "swiss"]
[EventCountry "POR"]
[SourceTitle "playchess.com"]
[Source "ChessBase"]
[SourceQuality "1"]
[TimeControl "40/5400+30:1800+30"]

1. d4 d5 2. Nf3 Nf6 3. e3 c6 4. Bd3 Bg4 5. Nbd2 Nbd7 6. h3 Bh5 7. Be2 {[%emt 0:05:13] D04: Colle System} (7. O-O e6 8. Qe1 Be7 9. Ne5 Nxe5 10. dxe5 Nd7 11. f4 Bg6 12. e4 O-O 13. exd5 cxd5 14. Bxg6 fxg6 15. Nb3 {0-1 (50) Jussupow,A (2582)-Jaracz,P (2465) Katowice 2017}) 7... e6 8. b3 Bd6 9. Bb2 O-O 10. O-O a5 $146 ({Predecessor:} 10... Qb8 11. Ne1 Bxe2 12. Qxe2 e5 13. dxe5 Bxe5 14. Bxe5 Qxe5 {½-½ (28) Decrop,B (2177)-Hamblok,R (2305) Charleroi 2017}) 11. a4 Qc7 12. c4 Bg6 13. Rc1 Ne4 14. Nxe4 Bxe4 15. Nd2 Bg6 16. Bf3 Nf6 17. Re1 Bb4 18. Bc3 Ba3 19. Ra1 Be7 $11 20. Be2 Ne4 21. Nxe4 Bxe4 22. Qd2 Rfd8 23. Rec1 b6 24. b4 axb4 25. Bxb4 c5 26. cxd5 exd5 27. a5 Qd7 28. dxc5 bxc5 29. Bxc5 Bxc5 30. Rxc5 Qe7 31. Qd4 Qg5 32. f3 Bf5 33. Kh2 Be6 34. Rd1 h5 35. h4 Qe7 36. Rdc1 Qd6+ 37. g3 Qe7 38. Kg2 f6 39. Bd3 Bf7 40. Bf5 Re8 41. Kf2 Be6 42. Bg6 Red8 43. Qd3 Bf7 44. Bf5 Qe5 45. Bh3 Qb2+ 46. R1c2 Qb1 47. a6 Qh1 48. Qf1 Qh2+ 49. Bg2 Be6 50. Rc6 Bh3 51. Qh1 Qxh1 52. Bxh1 Ra7 53. f4 Bf5 54. Rd2 Rad7 55. Bf3 Be4 56. Bxe4 dxe4 57. Rxd7 Rxd7 58. Rb6 Rd2+ 59. Ke1 Ra2 60. f5 Kh7 61. Kd1 Kh6 62. Kc1 Kh7 63. Kb1 Ra5 64. Kc2 Ra1 1/2-1/2

[Event "XIII Figueira da Foz Open 2019"]
[Site "Figueira da Foz"]
[Date "2019.11.02"]
[Round "8.3"]
[White "Clarke, Brandon G I"]
[Black "Grigoryan, Karen H."]
[Result "0-1"]
[ECO "B32"]
[WhiteElo "2445"]
[BlackElo "2608"]
[Annotator "RC"]
[PlyCount "115"]
[EventDate "2019.10.27"]
[EventType "swiss"]
[EventCountry "POR"]
[SourceTitle "playchess.com"]
[Source "ChessBase"]
[SourceQuality "1"]
[TimeControl "40/5400+30:1800+30"]

1. e4 c5 2. Nf3 Nc6 3. d4 cxd4 4. Nxd4 Qb6 5. Nb3 Nf6 6. Nc3 e6 7. Qe2 Qc7 8. g4 d6 9. g5 Nd7 10. Be3 a6 11. O-O-O b5 12. f4 Nb6 13. h4 Na4 14. Nxa4 bxa4 15. Nd4 a3 16. Qc4 Bb7 17. f5 e5 18. Nb3 axb2+ 19. Kb1 a5 20. Qa4 Be7 21. Rd3 O-O 22. Rc3 Rfc8 23. Bb5 Rab8 24. g6 Ba8 25. a3 Qb7 26. Bc4 Nb4 27. gxf7+ Kf8 28. Rg1 Nxc2 29. Bh6 Nxa3+ 30. Qxa3 Qxe4+ 31. Kxb2 d5 32. Rxg7 Bxa3+ 33. Kxa3 Rb6 34. Bxd5 Qb4+ 35. Ka2 Qxc3 36. Rg8+ Ke7 37. Rxc8 Qxc8 38. f8=Q+ Qxf8 39. Bxf8+ Kxf8 40. Bxa8 Rh6 41. Nc5 Ke7 42. Ne4 Rxh4 43. Kb3 Rf4 44. f6+ Kf7 45. Kc4 h5 46. Kd5 Rxf6 47. Kxe5 Ra6 48. Bb7 Ra7 49. Kf5 a4 50. Bd5+ Kg7 51. Nc3 a3 52. Ke5 Ra5 53. Kd4 h4 54. Be6 Kf6 55. Bc8 a2 56. Nxa2 Rxa2 57. Ke4 Ra3 58. Kd4 {Ke5+} 0-1